[Event "USA-ch Women 2024"]
[Site "Saint Louis"]
[Date "2024.10.19"]
[Round "8.1"]
[White "Lee, Alice"]
[Black "Krush, Irina"]
[Result "1-0"]
[ECO "E94"]
[WhiteElo "2395"]
[BlackElo "2388"]
[Annotator "TA"]
[PlyCount "81"]
[EventDate "2024.10.09"]
[EventType "tourn"]
[EventCountry "USA"]
[SourceTitle "playchess.com"]
[Source "ChessBase"]
[SourceQuality "1"]
[TimeControl "40/5400+30:1800+30"]

1. d4 Nf6 2. c4 g6 3. Nc3 Bg7 4. e4 d6 5. Be2 O-O 6. Be3 Nbd7 7. Nf3 e5 8. O-O Qe7 9. Re1 c6 10. d5 c5 {[%emt 0:02:44] White is slightly better.} 11. Nd2 {[%emt 0:02:14] White is more active.} Kh8 12. a3 Ng8 13. b4 f5 {[%emt 0:06:25] White must now prevent ...f4.} 14. f3 f4 15. Bf2 b6 16. bxc5 Nxc5 17. a4 Bd7 18. a5 Bf6 19. axb6 (19. Nb3 {keeps more tension.} Bh4 20. Bxh4 Qxh4 21. Nb5) 19... axb6 20. Rxa8 Rxa8 21. Qb1 Ra6 22. Qb2 Nh6 23. Ra1 Rxa1+ 24. Qxa1 Nf7 25. Qa7 Bh4 $1 {[%emt 0:05:17] Strongly threatening ...Bxf2+.} 26. g3 $36 {[%emt 0:05:32][%mdl 2048] White is more active.} Bg5 {[%emt 0:00:04] ...fxg3 is the strong threat.} 27. Nf1 Qd8 28. Nb5 h5 29. Nc7 fxg3 (29... Be7 $1 $11) 30. hxg3 $14 h4 31. Qxb6 Na4 32. Qa7 {[%emt 0:00:54] Hoping for Ne6.} Nc3 33. Bd3 {[%emt 0:00:14] Ne6 would now be deadly.} Nd1 34. Bb6 (34. Ne6 {simplifies} Bxe6 35. dxe6 Nxf2 36. Qxf2 hxg3 37. Qxg3 Nh6 38. c5) 34... Qf6 {[%emt 0:00:56] Against Ne6} 35. Ne6 $1 Qxf3 $2 {[%emt 0:03:49][%mdl 8192] This costs Black the game.} (35... Bxe6 $16 36. dxe6 Qxe6) 36. Qxd7 $18 {[%emt 0:00:16] aiming for Qe8+.} Bh6 {[%emt 0:04:52] [#]} 37. Be2 $1 Qxe2 {[%emt 0:00:27] [#]} (37... Qf6 38. Bxd1) 38. Qe8+ $1 {[%emt 0:00:05] White mates.} Kh7 39. Qxf7+ Kh8 40. Qxg6 Be3+ 41. Bxe3 {[%emt 0:30:11] Weighted Error Value: White=0.09 (flawless) /Black=0.25 (precise) .  Loses game:     	---       	Black=1      Mistake:       	---       	Black=1      Inaccurate:     	White=3     	Black=6      OK:         	White=8     	Black=9      Best:        	White=2     	Black=1      Strong:       	White=1     	Black=1} 1-0

[Event "USA-ch Women 2024"]
[Site "Saint Louis"]
[Date "2024.10.19"]
[Round "8.2"]
[White "Lee, Megan"]
[Black "Zatonskih, Anna"]
[Result "1/2-1/2"]
[ECO "C11"]
[WhiteElo "2253"]
[BlackElo "2312"]
[Annotator "RC"]
[PlyCount "260"]
[EventDate "2024.10.09"]
[EventType "tourn"]
[EventCountry "USA"]
[SourceTitle "playchess.com"]
[Source "ChessBase"]
[SourceQuality "1"]
[TimeControl "40/5400+30:1800+30"]

1. e4 e6 2. d4 d5 3. Nc3 Nf6 4. e5 Nfd7 5. f4 c5 6. Nf3 Nc6 7. Be3 a6 8. Ne2 Qb6 9. Qc1 cxd4 10. Nexd4 Nxd4 11. Nxd4 Nc5 12. c3 Qc7 13. Be2 Be7 14. Qc2 Bd7 15. a4 O-O 16. Nf3 f6 17. exf6 Bxf6 18. h4 Be8 19. h5 Rc8 20. Rh3 Ne4 21. Bd3 e5 22. fxe5 Bxe5 23. O-O-O Nxc3 24. Bxh7+ Kh8 25. h6 g6 26. Bxg6 Nxd1 27. Kxd1 Qxc2+ 28. Bxc2 Bxb2 29. g4 Bd7 30. Nh2 Be5 31. Rh5 d4 32. Rxe5 dxe3 33. Re7 e2+ 34. Rxe2 Rf4 35. Re7 Bxg4+ 36. Nxg4 Rxg4 37. Bf5 Rd8+ 38. Kc2 Rg5 39. Be4 b5 40. Ra7 Rg4 41. Bf5 Rg5 42. Be4 Re8 43. Bd3 Rg2+ 44. Kb3 Rd8 45. Bf5 bxa4+ 46. Kxa4 Rd4+ 47. Kb3 Rg3+ 48. Kc2 Rf4 49. Bd3 Rf2+ 50. Kc3 Rf8 51. Rd7 Rb8 52. Kc2 a5 53. Rd4 Rg2+ 54. Kc3 Rg3 55. Kc2 Rg5 56. Kd2 Rh5 57. h7 Rc5 58. Ke3 Rcc8 59. Ra4 Rb3 60. Rd4 Rb4 61. Rd5 a4 62. Ra5 Re8+ 63. Kd2 Rd8 64. Kc2 Rc8+ 65. Kd2 Rb2+ 66. Kd1 Ra2 67. Bf5 Rf8 68. Kc1 a3 69. Kb1 Rf2 70. Bd3 Rb8+ 71. Ka1 Rf3 72. Be4 Re3 73. Bf5 Rc3 74. Be4 Rg3 75. Ra8 Rxa8 76. Bxa8 Kxh7 77. Ka2 Kg6 78. Bd5 Kf5 79. Bb3 Ke5 80. Kxa3 Kd4 81. Kb4 Rc3 82. Ba2 Rc8 83. Bf7 Rb8+ 84. Ka5 Kc5 85. Ka4 Rb4+ 86. Ka3 Re4 87. Kb3 Re3+ 88. Kc2 Kd4 89. Bg6 Rc3+ 90. Kb2 Kc4 91. Bf7+ Kb4 92. Bg6 Rg3 93. Be4 Re3 94. Bg6 Re2+ 95. Kc1 Kc3 96. Kd1 Ra2 97. Ke1 Rd2 98. Bf5 Rd5 99. Bg6 Rd6 100. Bf5 Rf6 101. Bh7 Rf7 102. Bg6 Rg7 103. Bh5 Rg2 104. Bf3 Rg7 105. Kf2 Kd2 106. Bd5 Rd7 107. Bb3 Rd8 108. Be6 Rd6 109. Bb3 Kc3 110. Bg8 Kd4 111. Kf3 Rd8 112. Bb3 Rf8+ 113. Ke2 Rf6 114. Bg8 Rh6 115. Kf3 Ke5 116. Bc4 Rh8 117. Bb5 Rf8+ 118. Ke3 Rb8 119. Bc4 Ra8 120. Kd3 Ra3+ 121. Kc2 Kd4 122. Bb3 Ra7 123. Be6 Rg7 124. Kb3 Rg3+ 125. Kc2 Rc3+ 126. Kd2 Rc6 127. Bd7 Rd6 128. Bg4 Ra6 129. Kc2 Ra7 130. Bf5 Re7 1/2-1/2

[Event "USA-ch Women 2024"]
[Site "Saint Louis"]
[Date "2024.10.19"]
[Round "8.3"]
[White "Paikidze, Nazi"]
[Black "Cervantes Landeiro, Thalia"]
[Result "1/2-1/2"]
[ECO "D30"]
[WhiteElo "2314"]
[BlackElo "2302"]
[Annotator "RC"]
[PlyCount "127"]
[EventDate "2024.10.09"]
[EventType "tourn"]
[EventCountry "USA"]
[SourceTitle "playchess.com"]
[Source "ChessBase"]
[SourceQuality "1"]
[TimeControl "40/5400+30:1800+30"]

1. Nf3 d5 2. d4 e6 3. c4 c5 4. cxd5 exd5 5. g3 Nc6 6. Bg2 Nf6 7. O-O Be7 8. dxc5 Bxc5 9. a3 O-O 10. b4 Be7 11. Bb2 Ne4 12. Nbd2 Bf6 13. Bxf6 Qxf6 14. Nxe4 dxe4 15. Nd2 e3 16. Ne4 exf2+ 17. Rxf2 Qe5 18. Rc1 Be6 19. Qd2 Rad8 20. Qf4 Qxf4 21. gxf4 Nd4 22. Ng3 b6 23. f5 Bd5 24. e3 Bxg2 25. Kxg2 Nb5 26. a4 Nd6 27. Rd2 f6 28. Rcd1 Nf7 29. Rd7 a5 30. bxa5 bxa5 31. Nh5 Rfe8 32. Nf4 Rxd7 33. Rxd7 Nh6 34. Ra7 Nxf5 35. Rxa5 Nxe3+ 36. Kf3 Nc4 37. Ra7 Re5 38. Ra8+ Kf7 39. Ra7+ Re7 40. Rxe7+ Kxe7 41. Ke4 g5 42. Nd5+ Ke6 43. Nc7+ Kd7 44. Nd5 Ke6 45. Nc7+ Kd6 46. Ne8+ Ke7 47. Ng7 Kf7 48. Nf5 h5 49. Kd4 Na5 50. Kc5 Ke6 51. Ng7+ Ke5 52. Nxh5 f5 53. Kb5 Nb7 54. a5 Nxa5 55. Kxa5 f4 56. Kb4 Kf5 57. Kc3 Kg4 58. Nf6+ Kf3 59. Kd3 Kg2 60. Ke4 Kxh2 61. Kf5 f3 62. Kxg5 f2 63. Ng4+ Kg3 64. Nxf2 1/2-1/2

[Event "USA-ch Women 2024"]
[Site "Saint Louis"]
[Date "2024.10.19"]
[Round "8.4"]
[White "Tokhirjonova, Gulrukhbegim"]
[Black "Yu, Jennifer"]
[Result "1/2-1/2"]
[ECO "A11"]
[WhiteElo "2374"]
[BlackElo "2267"]
[Annotator "TA"]
[PlyCount "120"]
[EventDate "2024.10.09"]
[EventType "tourn"]
[EventCountry "USA"]
[SourceTitle "playchess.com"]
[Source "ChessBase"]
[SourceQuality "1"]
[TimeControl "40/5400+30:1800+30"]

1. Nf3 d5 2. c4 c6 3. e3 Nf6 4. Qc2 g6 5. b3 Bg7 6. Bb2 O-O 7. h3 b6 8. Be2 Bb7 9. d4 Nbd7 10. Nc3 e6 11. O-O c5 12. Rfd1 cxd4 13. exd4 Ne4 14. Bd3 Nxc3 15. Qxc3 dxc4 16. Bxc4 a6 (16... Qf6 $5) 17. a4 Nf6 18. Ne5 Ne4 19. Qe3 Nd6 20. d5 Nf5 $1 21. Qd2 exd5 22. Bxd5 Bxd5 23. Qxd5 Qxd5 24. Rxd5 Rac8 25. Rad1 Rfe8 26. Ba1 h5 27. Nc4 Bxa1 28. Rxa1 Re6 29. Rad1 Kg7 30. Kf1 Rcc6 31. g4 hxg4 32. hxg4 Ne7 33. Rd7 b5 34. axb5 axb5 35. Ne3 Rc3 {[%emt 0:00:53] The position is equal.} 36. Rb7 Rxb3 37. Rdd7 Kf8 38. g5 Rb4 {[%emt 0:01:25] Prevents Ng4} 39. Kg2 Rbe4 40. Rxb5 R4e5 41. Rdb7 Rxb5 42. Rxb5 $11 {[%emt 0:00:00][%mdl 4096] Endgame. KRN-KRN} f6 43. gxf6 Rxf6 44. Kg3 Kg7 45. Ng4 Rf7 46. Rb6 Nf5+ 47. Kg2 Nh4+ 48. Kh3 Nf3 49. Ra6 Ng5+ 50. Kg2 Ne4 51. f3 Nc5 52. Rd6 Nd7 53. Rc6 Nf6 54. Ne5 Re7 55. f4 g5 56. fxg5 Rxe5 57. gxf6+ Kf7 58. Kg3 Rf5 59. Kg4 Rxf6 60. Rxf6+ Kxf6 {[%emt 0:00:02] Weighted Error Value: White=0.04 (flawless) /Black=0.03 (flawless) .  Inaccurate:     	White=2     	Black=1      OK:         	White=14    	Black=26     Strong:       	---       	Black=1} 1/2-1/2

[Event "USA-ch Women 2024"]
[Site "Saint Louis"]
[Date "2024.10.19"]
[Round "8.5"]
[White "Pourkashiyan, Atousa"]
[Black "Yip, Carissa"]
[Result "0-1"]
[ECO "B06"]
[WhiteElo "2269"]
[BlackElo "2418"]
[Annotator "TA"]
[PlyCount "100"]
[EventDate "2024.10.09"]
[EventType "tourn"]
[EventCountry "USA"]
[SourceTitle "playchess.com"]
[Source "ChessBase"]
[SourceQuality "1"]
[TimeControl "40/5400+30:1800+30"]

1. e4 g6 2. d4 Bg7 3. Nc3 a6 4. f4 d6 5. Nf3 Nd7 6. Bd3 c5 7. Be3 Ngf6 8. dxc5 {[%emt 0:13:11] White has an edge.} Ng4 9. Bd4 ({White should try} 9. Bg1 $14) 9... Bxd4 10. Nxd4 Nxc5 11. Qe2 O-O 12. h3 Nf6 13. O-O-O b5 14. Nb3 Na4 (14... b4 $142 15. Nd5 Nxd5 16. exd5 Nxd3+ 17. Rxd3 a5) 15. Nb1 (15. e5 $11 Nxc3 16. bxc3) 15... Qb6 16. g4 Bb7 17. h4 Nc5 18. Nxc5 dxc5 19. e5 $2 {[%emt 0:05:46][%mdl 8192] Now White is beyond hope.} c4 $19 20. exf6 cxd3 21. Qxd3 Bxh1 (21... exf6 22. Rhf1 $17) 22. fxe7 Rfe8 23. Rxh1 Rxe7 24. Nc3 Rae8 25. Rd1 {[%emt 0:06:30] [#]} Re1 $1 {[%emt 0:01:59] ...Rxd1+ is the strong threat.} 26. Nd5 Qe6 27. g5 (27. b3 $142) 27... Rxd1+ 28. Qxd1 {[%emt 0:00:02][%mdl 4096] Endgame. KQR-KQN} Kf8 {[%emt 0:00:09] Hoping for ...Rd8.} 29. c4 $2 (29. b3 {keeps fighting.} Qe1 30. Nf6) 29... bxc4 30. Nf6 Qe3+ 31. Kc2 (31. Kb1 $142 Qe1 32. Qxe1 Rxe1+ 33. Kc2) 31... Qf2+ 32. Kc3 Re3+ 33. Kxc4 Qxf4+ 34. Qd4 Qxd4+ (34... Qf1+ $142 35. Kd5 Rd3 36. Qxd3 Qxd3+ 37. Ke5 Qg3+ 38. Kd5 Qg2+ (38... Qxh4 $2 39. Ne4 $19) 39. Kd6 Qxb2 40. Nd7+ Kg7) 35. Kxd4 {[%emt 0:00:02] KR-KN} Re2 36. Kc3 Kg7 {[%emt 0:00:10] Threatens to win with ...h5.} 37. a4 h5 38. b4 Rh2 {[%emt 0:00:44] [#] aiming for ...Rh3+.} 39. Ne8+ Kf8 40. Nc7 Rh3+ 41. Kd2 Rxh4 42. Nxa6 Rg4 {[%emt 0:00:14][%cal Oh5h4] ...h4! would now be deadly.} 43. a5 h4 {[%emt 0:00:39] Black mates.} 44. b5 h3 45. b6 h2 46. b7 Rd4+ 47. Kc3 Rd8 (47... h1=R $2 {is the wrong capture.} 48. b8=Q+ (48. b8=R+ Rd8 $18) 48... Kg7 49. Kxd4 $18 (49. Qe5+ Kg8 $18)) 48. Nc5 h1=Q 49. a6 Qc6 50. Kc4 Qb6 {[%emt 0:00:04] Weighted Error Value: White=0.71/Black=0.26 (precise) .  Loses game:     	White=1     	---        Mistake:       	White=5     	Black=1      Inaccurate:     	White=2     	Black=2      OK:         	White=11    	Black=14     Best:        	White=2     	Black=2      Strong:       	---       	Black=1} 0-1

[Event "USA-ch Women 2024"]
[Site "Saint Louis"]
[Date "2024.10.19"]
[Round "8.6"]
[White "Abrahamyan, Tatev"]
[Black "Atwell, Rose"]
[Result "1-0"]
[ECO "B57"]
[WhiteElo "2327"]
[BlackElo "2185"]
[Annotator "RC"]
[PlyCount "71"]
[EventDate "2024.10.09"]
[EventType "tourn"]
[EventCountry "USA"]
[SourceTitle "playchess.com"]
[Source "ChessBase"]
[SourceQuality "1"]
[TimeControl "40/5400+30:1800+30"]

1. e4 c5 2. Nf3 d6 3. d4 cxd4 4. Nxd4 Nf6 5. Nc3 Nc6 6. Bc4 Qb6 7. Nb3 e6 8. Bf4 Ne5 9. Be2 Bd7 10. Qd2 Rc8 11. O-O-O Be7 12. Be3 Qc7 13. Nb5 Bxb5 14. Bxb5+ Kf8 15. f3 d5 16. Kb1 dxe4 17. fxe4 Nxe4 18. Qe2 a6 19. Bf4 g5 20. Rd7 Qb8 21. Bxe5 Qxe5 22. Bd3 Bf6 23. c3 Nd6 24. Rd1 Qxh2 25. Bxa6 bxa6 26. R1xd6 Be5 27. Rd3 Bf4 28. Nd4 Qh6 29. g3 g4 30. gxf4 Qxf4 31. Rd1 Qg5 32. Rf1 Qg6+ 33. Qc2 f5 34. Qe2 Re8 35. Qe5 Rg8 36. Qd6+ 1-0